General information
			
			
        
        - name: BNet
 
        - type: Ladder team game (AT/RT)
 
        - host: Battle.net
 
        - saver: TIMG4STRok
 
        
map: DragonFalls 
        - players: 8
 
        - length: 22:32
 
        - speed: Fast
 - version: 1.22 W3XP
 - replay type:  

 
» download(241 KB)
Players
        team 1 (winner) 
              
              
298739283939208 (
teal | 85 APM | 1919 actions | 22:30)
              
 2 Demon Hunter 
 1 Mana Burn
 1 Evasion
 
                » actions 
                
                | Assign group hotkey | 36 |  | 
| Basic commands | 1 |  | 
| Build / train | 57 |  | 
| ESC pressed | 3 |  | 
| Enter build submenu | 16 |  | 
| Enter hero's abilities submenu | 2 |  | 
| Remove unit from queue | 1 |  | 
| Right click | 783 |  | 
| Select / deselect | 362 |  | 
| Select group hotkey | 591 |  | 
| Use ability | 67 |  | 
                1919 total
 » units 
                » buildings
                
                | Altar of Elders | 2 |  | 
| Moon Well | 2 |  | 
| Tree of Life | 8 |  | 
| Tree of Ages | 1 |  | 
| Hunter's Hall | 1 |  | 
                14 total
 » build order
                00:08 Altar of Elders
00:20 Moon Well
04:03 Tree of Life
05:28 Tree of Life
08:02 Tree of Life
09:38 Tree of Life
11:28 Tree of Life
12:51 Tree of Life
14:20 Tree of Life
16:25 Moon Well
16:38 Tree of Life
17:18 Altar of Elders
20:55 Tree of Ages
20:58 Hunter's Hall
» items
                
                | Staff of Teleportation | 2 |  | 
| Scroll of Healing | 1 |  | 
                3 total
  
               
              
              
GODIEPLZ (
orange | 98 APM | 2217 actions | 22:30)
              
 6 Death Knight 
 3 Death Coil
 3 Unholy Aura
 4 Lich 
 2 Frost Nova
 2 Dark Ritual
 4 Dreadlord 
 2 Sleep
 2 Carrion Swarm
 
                » actions 
                
                | Assign group hotkey | 18 |  | 
| Basic commands | 217 |  | 
| Build / train | 60 |  | 
| ESC pressed | 1 |  | 
| Enter build submenu | 19 |  | 
| Enter hero's abilities submenu | 17 |  | 
| Give item / drop item | 1 |  | 
| Right click | 1012 |  | 
| Select / deselect | 323 |  | 
| Select group hotkey | 442 |  | 
| Use ability | 107 |  | 
                2217 total
 » units 
                
                | Acolyte | 7 |  | 
| Ghoul | 2 |  | 
| Crypt Fiend | 6 |  | 
| Frost Wyrm | 2 |  | 
                17 total
 » upgrades
                
                | Creature Attack | 3 |  | 
| Web | 1 |  | 
| Creature Carapace | 3 |  | 
                7 total
 » buildings
                
                | Crypt | 1 |  | 
| Graveyard | 1 |  | 
| Altar of Darkness | 1 |  | 
| Ziggurat | 10 |  | 
| Tomb of Relics | 3 |  | 
| Halls of the Dead | 4 |  | 
| Spirit Tower | 5 |  | 
| Black Citadel | 1 |  | 
| Sacrificial Pit | 1 |  | 
| Boneyard | 2 |  | 
                29 total
 » build order
                00:06 Crypt
00:20 Graveyard
00:43 Altar of Darkness
00:59 Ziggurat
01:24 Tomb of Relics
01:54 Ziggurat
02:49 Halls of the Dead
02:50 Halls of the Dead
02:50 Halls of the Dead
03:17 Ziggurat
03:19 Spirit Tower
04:18 Spirit Tower
05:02 Spirit Tower
05:15 Black Citadel
06:20 Sacrificial Pit
06:22 Ziggurat
06:23 Ziggurat
06:23 Ziggurat
07:20 Tomb of Relics
07:41 Boneyard
07:52 Boneyard
14:13 Ziggurat
14:14 Ziggurat
14:25 Ziggurat
16:32 Spirit Tower
18:01 Spirit Tower
18:03 Ziggurat
19:45 Tomb of Relics
» items
                
                | Rod of Necromancy | 4 |  | 
| Lesser Clarity Potion | 2 |  | 
| Scroll of Town Portal | 3 |  | 
                9 total
  
               
              
              
KNIFE]NOOBELF (
red | 77 APM | 1728 actions | 22:30)
              
 4 Blademaster 
 2 Wind Walk
 2 Critical Strike
 
                » actions 
                
                | Assign group hotkey | 117 |  | 
| Basic commands | 8 |  | 
| Build / train | 68 |  | 
| Enter build submenu | 14 |  | 
| Enter hero's abilities submenu | 4 |  | 
| Give item / drop item | 3 |  | 
| Right click | 900 |  | 
| Select / deselect | 162 |  | 
| Select group hotkey | 378 |  | 
| Use ability | 74 |  | 
                1728 total
 » units 
                » buildings
                
                | Altar of Storms | 1 |  | 
| Orc Burrow | 2 |  | 
| Voodoo Lounge | 1 |  | 
| War Mill | 2 |  | 
| Watch Tower | 3 |  | 
| Stronghold | 1 |  | 
| Beastiary | 2 |  | 
| Fortress | 1 |  | 
                13 total
 » build order
                00:08 Altar of Storms
00:21 Orc Burrow
00:37 Voodoo Lounge
01:29 War Mill
02:41 Watch Tower
02:49 Watch Tower
04:16 Watch Tower
13:29 Stronghold
16:02 War Mill
16:43 Beastiary
16:55 Beastiary
17:49 Orc Burrow
20:57 Fortress
» items
                
                | Healing Salve | 1 |  | 
| Lesser Clarity Potion | 2 |  | 
| Boots of Speed | 3 |  | 
| Staff of Teleportation | 1 |  | 
| Tiny Great Hall | 7 |  | 
| Scroll of Speed | 1 |  | 
| Potion of Mana | 1 |  | 
| Scroll of Healing | 1 |  | 
| Scroll of Town Portal | 2 |  | 
                19 total
  
               
              
              
TIMG4STRok (
yellow | 178 APM | 4013 actions | 22:32)
              
 4 Shadow Hunter 
 2 Hex
 2 Healing Wave
 4 Tauren Chieftain 
 2 Endurance Aura
 2 Shockwave
 
                » actions 
                
                | Assign group hotkey | 34 |  | 
| Basic commands | 153 |  | 
| Build / train | 71 |  | 
| ESC pressed | 1 |  | 
| Enter build submenu | 23 |  | 
| Enter hero's abilities submenu | 10 |  | 
| Give item / drop item | 2 |  | 
| Right click | 1526 |  | 
| Select / deselect | 460 |  | 
| Select group hotkey | 1624 |  | 
| Use ability | 109 |  | 
                4013 total
 » units 
                
                | Peon | 7 |  | 
| Grunt | 6 |  | 
| Kodo Beast | 1 |  | 
| Shaman | 2 |  | 
| Troll Witch Doctor | 2 |  | 
| Tauren | 4 |  | 
| Troll Batrider | 9 |  | 
                31 total
 » upgrades
                
                | Shaman Training | 2 |  | 
| Witch Doctor Training | 2 |  | 
| War Drums Damage Increase | 1 |  | 
| Reinforced Defenses | 1 |  | 
| Armor | 2 |  | 
| Pulverize | 1 |  | 
| Liquid Fire | 1 |  | 
| Spiked Barricades | 1 |  | 
| Melee Weapons | 1 |  | 
| Ranged Weapons | 1 |  | 
                13 total
 » buildings
                
                | Altar of Storms | 1 |  | 
| Orc Burrow | 8 |  | 
| Barracks | 1 |  | 
| Stronghold | 1 |  | 
| Voodoo Lounge | 1 |  | 
| Fortress | 1 |  | 
| Spirit Lodge | 2 |  | 
| Beastiary | 1 |  | 
| War Mill | 1 |  | 
| Tauren Totem | 2 |  | 
| Watch Tower | 4 |  | 
                23 total
 » build order
                00:05 Altar of Storms
00:24 Orc Burrow
00:57 Barracks
01:27 Orc Burrow
02:22 Stronghold
02:50 Orc Burrow
03:08 Voodoo Lounge
04:33 Orc Burrow
04:46 Fortress
04:50 Spirit Lodge
04:51 Spirit Lodge
05:06 Beastiary
05:19 Orc Burrow
05:20 Orc Burrow
06:57 War Mill
07:30 Orc Burrow
07:31 Orc Burrow
08:41 Tauren Totem
08:43 Tauren Totem
11:41 Watch Tower
11:46 Watch Tower
11:47 Watch Tower
17:16 Watch Tower
» items
                
                | Healing Salve | 3 |  | 
| Lesser Clarity Potion | 2 |  | 
| Potion of Healing | 2 |  | 
| Scroll of Town Portal | 3 |  | 
| Orb of Lightning | 1 |  | 
| Scroll of Protection | 1 |  | 
| Scroll of Healing | 1 |  | 
| Boots of Speed | 1 |  | 
| Orb of Corruption | 1 |  | 
                15 total
  
               team 2 (loser) 
              
              
Arcanis_809 (
green | 74 APM | 1666 actions | 22:25)
              
 3 Mountain King 
 2 Storm Bolt
 1 Bash
 1 Paladin 
 1 Holy Light
 1 Archmage 
 1 Blizzard
 
                » actions 
                
                | Assign group hotkey | 87 |  | 
| Basic commands | 20 |  | 
| Build / train | 95 |  | 
| ESC pressed | 3 |  | 
| Enter build submenu | 29 |  | 
| Enter hero's abilities submenu | 6 |  | 
| Right click | 707 |  | 
| Select / deselect | 233 |  | 
| Select group hotkey | 409 |  | 
| Use ability | 77 |  | 
                1666 total
 » units 
                
                | Peasant | 27 |  | 
| Footman | 8 |  | 
| Spell Breaker | 6 |  | 
| Sorceress | 4 |  | 
| Priest | 2 |  | 
                47 total
 » upgrades
                
                | Defend | 1 |  | 
| Masonry | 3 |  | 
| Lumber Harvesting | 2 |  | 
| Sorceress Training | 2 |  | 
| Control Magic | 1 |  | 
| Priest Training | 2 |  | 
| Plating | 3 |  | 
| Armor | 2 |  | 
| Animal War Training | 1 |  | 
                17 total
 » buildings
                
                | Altar of Kings | 1 |  | 
| Barracks | 1 |  | 
| Farm | 9 |  | 
| Arcane Vault | 2 |  | 
| Town Hall | 1 |  | 
| Lumber Mill | 2 |  | 
| Scout Tower | 10 |  | 
| Keep | 1 |  | 
| Blacksmith | 1 |  | 
| Arcane Sanctum | 3 |  | 
| Guard Tower | 8 |  | 
| Castle | 1 |  | 
| Gryphon Aviary | 3 |  | 
                43 total
 » build order
                00:18 Altar of Kings
00:22 Barracks
00:32 Farm
00:35 Farm
02:09 Arcane Vault
02:16 Farm
03:43 Town Hall
04:15 Lumber Mill
05:42 Scout Tower
06:24 Keep
08:15 Blacksmith
08:45 Scout Tower
08:53 Arcane Sanctum
08:54 Arcane Sanctum
08:58 Arcane Sanctum
09:06 Scout Tower
09:10 Scout Tower
09:19 Guard Tower
09:34 Guard Tower
09:35 Scout Tower
09:41 Guard Tower
09:42 Scout Tower
10:00 Farm
10:01 Farm
10:06 Guard Tower
10:20 Scout Tower
10:35 Guard Tower
10:48 Guard Tower
11:22 Castle
12:13 Scout Tower
12:14 Scout Tower
12:15 Scout Tower
12:39 Farm
12:40 Farm
12:41 Farm
12:42 Farm
13:02 Guard Tower
14:20 Arcane Vault
14:49 Guard Tower
20:06 Lumber Mill
20:22 Gryphon Aviary
20:24 Gryphon Aviary
20:27 Gryphon Aviary
» items
                
                | Scroll of Regeneration | 1 |  | 
| Scroll of Town Portal | 5 |  | 
| Potion of Healing | 3 |  | 
| Potion of Mana | 2 |  | 
| Orb of Fire | 1 |  | 
| Staff of Sanctuary | 1 |  | 
                13 total
  
               
              
              
beli (
blue | 115 APM | 2577 actions | 22:29)
              
 2 Tauren Chieftain 
 1 Shockwave
 1 Endurance Aura
 2 Shadow Hunter 
 1 Hex
 1 Healing Wave
 
                » actions 
                
                | Assign group hotkey | 322 |  | 
| Basic commands | 125 |  | 
| Build / train | 58 |  | 
| ESC pressed | 5 |  | 
| Enter build submenu | 13 |  | 
| Enter hero's abilities submenu | 4 |  | 
| Give item / drop item | 1 |  | 
| Right click | 484 |  | 
| Select / deselect | 673 |  | 
| Select group hotkey | 777 |  | 
| Use ability | 115 |  | 
                2577 total
 » units 
                
                | Peon | 8 |  | 
| Grunt | 10 |  | 
| Raider | 2 |  | 
| Kodo Beast | 1 |  | 
| Troll Batrider | 7 |  | 
                28 total
 » upgrades
                
                | Ensnare | 1 |  | 
| Pillage | 1 |  | 
| Melee Weapons | 1 |  | 
| Armor | 1 |  | 
                4 total
 » buildings
                
                | Altar of Storms | 1 |  | 
| Orc Burrow | 5 |  | 
| Barracks | 1 |  | 
| Voodoo Lounge | 1 |  | 
| Stronghold | 2 |  | 
| War Mill | 1 |  | 
| Beastiary | 4 |  | 
                15 total
 » build order
                00:09 Altar of Storms
00:19 Orc Burrow
00:35 Barracks
01:27 Orc Burrow
01:58 Voodoo Lounge
02:58 Stronghold
02:58 Stronghold
03:57 War Mill
04:45 Orc Burrow
05:22 Beastiary
05:23 Beastiary
05:32 Beastiary
07:29 Orc Burrow
10:48 Beastiary
10:49 Orc Burrow
» items
                
                | Healing Salve | 8 |  | 
| Lesser Clarity Potion | 3 |  | 
| Scroll of Town Portal | 2 |  | 
                13 total
  
               
              
              
» 
DASOCKBANDIT (
purple | 122 APM | 2755 actions | 22:30)
              
 4 Mountain King 
 2 Storm Bolt
 2 Bash
 2 Paladin 
 1 Holy Light
 1 Divine Shield
 
                » actions 
                
                | Assign group hotkey | 39 |  | 
| Basic commands | 7 |  | 
| Build / train | 82 |  | 
| ESC pressed | 1 |  | 
| Enter build submenu | 41 |  | 
| Enter hero's abilities submenu | 6 |  | 
| Give item / drop item | 2 |  | 
| Right click | 997 |  | 
| Select / deselect | 612 |  | 
| Select group hotkey | 858 |  | 
| Use ability | 110 |  | 
                2755 total
 » units 
                
                | Peasant | 15 |  | 
| Rifleman | 10 |  | 
| Flying Machine | 5 |  | 
| Gryphon Rider | 7 |  | 
| Green Dragon | 1 |  | 
                38 total
 » upgrades
                
                | Long Rifles | 1 |  | 
| Masonry | 1 |  | 
| Gunpowder | 1 |  | 
| Flak Cannons | 1 |  | 
| Storm Hammers | 1 |  | 
| Armor | 2 |  | 
| Swords | 2 |  | 
                9 total
 » buildings
                
                | Altar of Kings | 1 |  | 
| Farm | 11 |  | 
| Barracks | 2 |  | 
| Blacksmith | 1 |  | 
| Scout Tower | 13 |  | 
| Arcane Tower | 2 |  | 
| Keep | 1 |  | 
| Lumber Mill | 2 |  | 
| Castle | 2 |  | 
| Arcane Vault | 1 |  | 
| Workshop | 3 |  | 
| Town Hall | 1 |  | 
| Guard Tower | 12 |  | 
| Gryphon Aviary | 3 |  | 
                55 total
 » build order
                00:05 Altar of Kings
00:24 Farm
01:23 Barracks
01:26 Blacksmith
01:35 Farm
01:48 Scout Tower
02:26 Barracks
02:45 Farm
03:00 Farm
03:08 Arcane Tower
03:08 Arcane Tower
04:12 Farm
05:04 Farm
05:40 Keep
06:26 Farm
06:59 Scout Tower
07:44 Lumber Mill
08:06 Castle
08:35 Arcane Vault
08:43 Scout Tower
08:44 Scout Tower
08:59 Workshop
09:01 Workshop
09:15 Farm
10:15 Workshop
11:16 Town Hall
11:18 Scout Tower
11:19 Scout Tower
11:22 Scout Tower
11:23 Scout Tower
11:25 Scout Tower
11:27 Scout Tower
11:46 Guard Tower
11:47 Guard Tower
11:51 Guard Tower
11:53 Scout Tower
11:54 Guard Tower
11:55 Guard Tower
12:21 Guard Tower
12:22 Guard Tower
12:34 Scout Tower
12:43 Scout Tower
13:12 Lumber Mill
13:16 Guard Tower
14:17 Guard Tower
14:18 Guard Tower
15:33 Gryphon Aviary
15:34 Gryphon Aviary
15:42 Gryphon Aviary
16:54 Farm
17:35 Farm
18:09 Farm
» items
                
                | Scroll of Town Portal | 6 |  | 
| Scroll of Regeneration | 1 |  | 
| Lesser Clarity Potion | 1 |  | 
| Potion of Mana | 1 |  | 
                9 total
  
               
              
              
» 
MoScrilla (
pink | 77 APM | 1721 actions | 22:27)
              
 2 Archmage 
 1 Summon Water Elemental
 1 Brilliance Aura
 1 Mountain King 
 1 Storm Bolt
 1 Paladin 
 1 Holy Light
 
                » actions 
                
                | Assign group hotkey | 40 |  | 
| Basic commands | 18 |  | 
| Build / train | 110 |  | 
| ESC pressed | 8 |  | 
| Enter build submenu | 30 |  | 
| Enter hero's abilities submenu | 4 |  | 
| Right click | 694 |  | 
| Select / deselect | 244 |  | 
| Select group hotkey | 488 |  | 
| Use ability | 85 |  | 
                1721 total
 » units 
                
                | Peasant | 53 |  | 
| Footman | 15 |  | 
| Gryphon Rider | 7 |  | 
                75 total
 » upgrades
                
                | Masonry | 2 |  | 
| Swords | 2 |  | 
| Lumber Harvesting | 2 |  | 
| Armor | 1 |  | 
| Storm Hammers | 1 |  | 
                8 total
 » buildings
                
                | Altar of Kings | 1 |  | 
| Barracks | 1 |  | 
| Farm | 9 |  | 
| Scout Tower | 7 |  | 
| Arcane Tower | 4 |  | 
| Town Hall | 1 |  | 
| Lumber Mill | 1 |  | 
| Keep | 5 |  | 
| Guard Tower | 3 |  | 
| Arcane Vault | 2 |  | 
| Blacksmith | 1 |  | 
| Castle | 1 |  | 
| Gryphon Aviary | 4 |  | 
                40 total
 » build order
                00:09 Altar of Kings
00:19 Barracks
00:33 Farm
01:04 Farm
01:56 Farm
02:23 Scout Tower
03:03 Arcane Tower
03:12 Farm
03:43 Town Hall
03:48 Scout Tower
04:16 Arcane Tower
04:55 Lumber Mill
05:18 Keep
05:18 Keep
05:18 Keep
05:20 Scout Tower
05:27 Scout Tower
06:17 Guard Tower
06:19 Scout Tower
06:20 Scout Tower
06:21 Scout Tower
06:48 Guard Tower
06:50 Arcane Vault
06:53 Guard Tower
06:57 Blacksmith
07:44 Castle
07:58 Farm
08:01 Gryphon Aviary
08:04 Gryphon Aviary
08:05 Gryphon Aviary
08:27 Gryphon Aviary
10:01 Farm
10:01 Farm
10:02 Farm
10:04 Farm
14:55 Keep
15:38 Arcane Vault
» items
                
                | Lesser Clarity Potion | 1 |  | 
| Healing Salve | 1 |  | 
| Scroll of Speed | 1 |  | 
| Scroll of Town Portal | 1 |  | 
                4 total
  
                Chat log
          (00:16 / All) KNIFE]NOOBELF: gl hf
(00:18 / All) DASOCKBANDIT: hey uhh kid with all the numbers turn off your mh
(00:19 / All) DASOCKBANDIT: gl hf
(00:31 / All) TIMG4STRok: is called a scout wisp Thank's
(00:38 / All) Arcanis_809: nah
(00:39 / All) DASOCKBANDIT: its called a u just pinged all our expos
(00:45 / All) DASOCKBANDIT: when i just watched the replay of us raping u...
(00:46 / All) TIMG4STRok: lmfao
(00:53 / All) TIMG4STRok: did you see my wisp retard
(01:00 / All) Arcanis_809: you were at my expo and you turn to fight me
(01:12 / All) KNIFE]NOOBELF: i said gl hf btw
(01:13 / All) Arcanis_809: i wasnt even in sight
(01:15 / All) KNIFE]NOOBELF: !!
(01:17 / All) DASOCKBANDIT: i allrdy said it
(01:19 / All) TIMG4STRok: manner up pleas.e
(01:26 / All) KNIFE]NOOBELF: oh didnt see it
(01:27 / All) KNIFE]NOOBELF: :D
(01:32 / All) DASOCKBANDIT: turn off your mhs for real
(01:34 / All) 298739283939208:                ?
(01:37 / All) DASOCKBANDIT: Was pretty blatant
(01:40 / All) TIMG4STRok: i dont mh sorry
(01:42 / Allies) TIMG4STRok: im 100% legit
(01:45 / All) TIMG4STRok: im 100% legit
(01:52 / All) Arcanis_809: someone does on your team
(01:54 / All) TIMG4STRok: nope
(01:58 / All) Arcanis_809: yup
(02:01 / All) DASOCKBANDIT: kid with the numbers and big old talons
(02:01 / All) TIMG4STRok: lmao
(02:04 / All) Arcanis_809: we watched the replay
(02:07 / All) Arcanis_809: why would you deny it
(02:19 / All) TIMG4STRok: arent you the nerd that lives with warfreakz
(02:24 / All) Arcanis_809: nope
(02:33 / All) Arcanis_809: arent you the nerd that has to mh to win?
(02:40 / All) 298739283939208: you talk big
(02:42 / All) TIMG4STRok: 1v1?
(02:48 / All) Arcanis_809: you dont know who i am
(02:52 / All) DASOCKBANDIT: tim why was your apm only 128 last game what happened
(02:56 / All) TIMG4STRok: is 4s
(03:02 / All) TIMG4STRok: if you want my 230+ apm hit me up in solo
(03:13 / Allies) 298739283939208: CREEP THIS ONE
(04:27 / All) 298739283939208: HELLO SAMUEL
(06:53 / All) DASOCKBANDIT: go down with a nova at least u bitch
(08:15 / All) DASOCKBANDIT: why would u feed talons i still wonder
(09:55 / All) DASOCKBANDIT: we mh too
(17:51 / All) GODIEPLZ: btw mh
(19:35 / All) DASOCKBANDIT: takes a moronic tp for u boys to win
(22:06 / All) GODIEPLZ: Alex u fuckign nigger
(22:10 / All) GODIEPLZ: go back to sucking drews cock
(22:11 / All) Arcanis_809: shut it
(22:19 / All) Arcanis_809: continue maphacking/wcg abusing
(22:21 / All) GODIEPLZ: YUP
(22:23 / All) Arcanis_809: it makes you look better than you are
(22:27 / All) GODIEPLZ: yup
(22:29 / All) DASOCKBANDIT: gg